 Dungeon Crawl Stone Soup version 0.31-a0-1071-gaead2f62b1 (webtiles) character file.

Game seed: 16233088568380651477

2537 whatisthis the Frost Mage (level 9, -1/70 (81) HPs)
             Began as a Pale Draconian Ice Elementalist on Nov 25, 2023.
             Was a Follower of Sif Muna.
             Slain by a wight
             ... wielding a +0 morningstar
              (6 damage)
             ... on level 6 of the Dungeon.
             The game lasted 00:43:06 (7035 turns).

whatisthis the Frost Mage (DrIE)                    Turns: 7035, Time: 00:43:07

HP:   -1/70 (81)    AC: 18    Str: 11    XL:     9   Next: 30%
MP:   4/28          EV: 12    Int: 20    God:    Sif Muna [*.....]
Gold: 314           SH:  0    Dex: 11    Spells: 14/21 levels left

rFire   . . .        v - +1 whip (pain)
rCold   . . .        (no shield)
rNeg    . . .        (body armour unavailable)
rPois   .            (helmet restricted)
rElec   .            m - +0 cloak
rCorr   .            x - +0 pair of gloves
SInv    .            g - +0 pair of boots
Will    .....        (no amulet)
Stlth   ++           r - ring of wizardry
HPRegen 0.31/turn    o - ring of magical power
MPRegen 0.21/turn

%: wizardry (x1)
@: ice-armoured, freezing walls, heavily drained
A: breathe steam, AC +7, unfitting armour, cold-blooded, steam resistance
a: Breathe Steam, Renounce Religion, Channel Magic


You were on level 6 of the Dungeon.
You worshipped Sif Muna.
Sif Muna was aware of your devotion.
You visited 2 branches of the dungeon, and saw 8 of its levels.
You also visited: Sewer.

You collected 314 gold pieces.

Inventory:

Hand Weapons
 e - a +2 dagger of venom
 v - a +1 whip of pain (weapon)
Missiles
 b - 58 stones
 f - 6 poisoned darts
 s - 4 boomerangs
 A - 5 curare-tipped darts
Armour
 g - a +0 pair of boots (worn)
 m - a +0 cloak (worn)
 x - a +0 pair of gloves (worn)
Jewellery
 j - a ring of flight
 l - a ring of ice
 o - a ring of magical power (right hand)
 r - a ring of wizardry (left hand)
Wands
 y - a wand of paralysis (4)
Scrolls
 d - 2 scrolls of fog
 k - 2 scrolls of amnesia
 t - 3 scrolls of fear
 u - a scroll of blinking
 w - 2 scrolls of teleportation
 z - a scroll of noise
 B - a scroll of enchant weapon {unknown}
 C - a scroll of vulnerability {unknown}
Potions
 a - 3 potions of magic
 h - 5 potions of curing
 i - 2 potions of might
 n - a potion of haste
 p - 2 potions of attraction
 q - a potion of enlightenment
 D - a potion of ambrosia


   Skills:
 + Level 7.9 Fighting
 - Level 1.7 Dodging
 - Level 1.7 Stealth
 + Level 6.9 Spellcasting
 + Level 8.3 Ice Magic


You had 14 spell levels left.
You knew the following spells:

 Your Spells              Type           Power      Damage    Failure   Level
a - Freeze                Ice            100%       1d10      1%          1
b - Frozen Ramparts       Ice            80%        1d13      1%          3
c - Ozocubu's Armour      Ice            40%        N/A       1%          3

Your spell library contained the following spells:

 Spells                   Type           Power      Damage    Failure   Level
 Static Discharge         Conj/Air       12%        3-4/arc   6%          2
 Summon Ice Beast         Ice/Summ       23%        N/A       7%          4
 Airstrike                Air            3%         2d(1-17)  34%         4
 Summon Lightning Spire   Summ/Air       6%         N/A       34%         4


Dungeon Overview and Level Annotations

Branches:
Dungeon (7/15)             Temple (1/1) D:6           Sewer (visited)

Altars:
Ashenzari
Cheibriados
Elyvilon
Gozag
Hepliaklqana
Makhleb
Sif Muna
Trog
Uskayaw
Vehumet
Wu Jian
Xom
Yredelemnul
Zin
The Shining One

Shops:
D:5 [=?*   D:6 :!

Annotations:
D:4 3 runed translucent doors, avis's ghost, amateur FeSh
D:6 Menkaure


Innate Abilities, Weirdness & Mutations

You can breathe blasts of scalding, opaque steam.
Your pale cyan-grey scales are hard. (AC +7)
You cannot fit into any form of body armour.
You are cold-blooded and may be slowed by cold attacks.
You are immune to the effects of steam.


Message History

The wight hits you but does no damage.
Casting: Freeze (safe; 1% risk of failure)
Confirm with . or Enter, or press ? or * to list all spells.
Aiming: Freeze (safe; 1% risk of failure)
Press: ? - help, Shift-Dir - straight line, f/p - wight
Aim: a wight, wielding a +0 morningstar, wearing a +0 robe and quivering stones (moderately damaged)
You freeze the wight but do no damage.
The wight completely resists.
The wight resists.
The wall freezes the wight.
The wight hits you with a +0 morningstar.
* * * LOW HITPOINT WARNING * * *
You feel drained.
You hit the wight.
The wight is heavily damaged.
The frozen ramparts melt away.
The wight hits you but does no damage.
You hit the wight.
The wight is severely damaged.
The wight hits you but does no damage.
Casting: Freeze (safe; 1% risk of failure)
Confirm with . or Enter, or press ? or * to list all spells.
Casting: Frozen Ramparts (safe; 1% risk of failure)
Press: ? - help, Dir - look around, f - activate The walls around you are covered in ice.
The wight resists.
The wall freezes the wight.
The wight hits you with a +0 morningstar.
* * * LOW HITPOINT WARNING * * *
You feel drained.
You hit the wight but do no damage. You tail-slap the wight.
The wight is severely damaged.
The wight resists.
The wall freezes the wight.
The wight misses you.
You hit the wight but do no damage.
The wight is almost destroyed.
The wight completely resists.
The wall freezes the wight but does no damage.
The wight hits you with a +0 morningstar.
* * * LOW HITPOINT WARNING * * *
You closely miss the wight.
Your tail-slap misses the wight.
The wight is almost destroyed.
The wight resists.
The wall freezes the wight.
The wight hits you with a +0 morningstar.
You die...

#......##
##......#
#.......#
#.......#
#.......#
#.......#
##......#
#.....z#
#.....@##
#.......#
#.....#..#
##
#.....##..#
#. #######
### #.# #


You could see a wight.

Vanquished Creatures
  Grinder (D:3)
  Sigmund (D:6)
  Edmund (D:5)
  Duvessa (D:5)
  Pargi (Sewer)
  An orc warrior (D:5)
  2 ogres
  A phantom (D:6)
  4 scorpions
  4 wights (D:6)
  Dowan (D:5)
  2 howler monkeys (D:5)
  5 hounds
  2 orc priests
  3 jellies
  Jessica (D:3)
  3 iguanas
  5 sleepcaps
  4 orc wizards
  6 gnolls
  2 river rats (D:3)
  10 adders
  A shadow imp (D:6)
  A white imp (D:6)
  2 ufetubi (D:6)
  3 worms (D:3)
  4 dart slugs
  24 orcs
  9 ball pythons
  5 endoplasms
  3 giant cockroaches
  9 goblins
  12 hobgoblins
  10 kobolds
  4 quokkas
  7 bats
  7 frilled lizards
  6 rats
168 creatures vanquished.

Notes
Turn   | Place    | Note
-------+----------+-------------------------------------------
     0 | D:1      | whatisthis the Draconian Ice Elementalist began the quest
                  | for the Orb.
     0 | D:1      | Reached XP level 1. HP: 14/14 MP: 3/3
   163 | D:1      | Reached XP level 2. HP: 22/22 MP: 3/5
   314 | D:1      | Reached skill level 1 in Fighting
  1357 | D:2      | Reached XP level 3. HP: 28/28 MP: 6/6
  1648 | D:3      | Noticed Grinder
  1655 | D:3      | Learned a level 3 spell: Frozen Ramparts
  1659 | D:3      | Learned a level 3 spell: Ozocubu's Armour
  1718 | D:3      | Noticed Jessica
  1760 | D:3      | Killed Jessica
  1761 | D:3      | Reached XP level 4. HP: 29/36 MP: 2/8
  1878 | D:3      | Reached XP level 5. HP: 42/42 MP: 2/9
  1892 | D:3      | Found a glowing drain.
  1897 | Sewer    | Entered a sewer
  1998 | Sewer    | Noticed Pargi
  2005 | Sewer    | Killed Pargi
  2006 | Sewer    | Reached skill level 5 in Ice Magic
  2148 | D:3      | Reached XP level 6. HP: 51/51 MP: 9/11
  2867 | D:3      | Killed Grinder
  2868 | D:3      | Reached skill level 6 in Ice Magic
  2868 | D:3      | Your scales start taking on a pale cyan-grey colour.
  2868 | D:3      | Reached XP level 7. HP: 13/60 MP: 3/13
  2868 | D:3      | Gained mutation: You are immune to the effects of steam.
                  | [Pale Draconian growth]
  3345 | D:3      | Reached skill level 5 in Fighting
  3620 | D:4      | Found a hide-covered altar of Uskayaw.
  4003 | D:4      | Reached skill level 5 in Spellcasting
  4075 | D:4      | You fall into a shaft and drop 3 floors!
  4124 | D:6      | Found a staircase to the Ecumenical Temple.
  4139 | Temple   | Entered the Ecumenical Temple
  4168 | Temple   | Became a worshipper of Sif Muna the Loreminder
  4192 | D:6      | Found Uficicin's Distillery.
  4291 | D:6      | Reached XP level 8. HP: 70/70 MP: 15/15
  4562 | D:6      | Noticed Menkaure
  4609 | D:6      | Noticed Sigmund
  4621 | D:6      | Found Mopsocug's Book Shop.
  4683 | D:6      | Killed Sigmund
  4684 | D:6      | Reached skill level 7 in Ice Magic
  4963 | D:5      | Entered Level 5 of the Dungeon
  5353 | D:4      | Found a runed translucent gate.
  5354 | D:4      | Found a runed translucent gate.
  5355 | D:4      | Found a runed translucent gate.
  5355 | D:4      | Noticed avis's ghost (amateur FeSh)
  5675 | D:5      | Noticed Duvessa
  5675 | D:5      | Noticed Dowan
  5737 | D:5      | Found Ydghoem's Magic Scroll Emporium.
  5739 | D:5      | Found Laesoass's Antique Armour Emporium.
  5740 | D:5      | Found Lioker's Assorted Antiques.
  5741 | D:5      | Found Fauget's Jewellery Emporium.
  5756 | D:5      | Noticed Edmund
  5790 | D:5      | Killed Edmund
  5790 | D:5      | Reached * piety under Sif Muna
  5862 | D:5      | Reached XP level 9. HP: 70/75 MP: 18/18
  5964 | D:5      | Found an opulent altar of Gozag.
  5965 | D:5      | Found a shimmering altar of Xom.
  5967 | D:5      | Found an ornate altar of the Wu Jian Council.
  5970 | D:5      | Found a glowing silver altar of Zin.
  6012 | D:5      | Killed Duvessa
  6013 | D:5      | Reached skill level 8 in Ice Magic
  6015 | D:5      | Killed Dowan
  6161 | D:5      | Found a glowing golden altar of the Shining One.
  6384 | D:5      | Found a broken altar of Ashenzari.
  7035 | D:6      | Slain by a wight

Illustrated notes

Levels and vault maps discovered:
D:1:      nicolae_arrival_memento_mori, layout_basic
D:2:      layout_rooms, minivault_25
D:3:      minmay_thinvault, layout_loops_ring, lightli_sewer_entry_pipes,
          hellmonk_no_cap, uniq_grinder, uniq_jessica
D:4:      layout_loops_ring, mainiacjoe_overflow_catwalk,
          gammafunk_ghost_nasty_kobolds
D:5:      layout_gridville, lemuel_coloured_pillars_altar, tso_metal_star,
          grunt_temple_overflow_cloverleaf, serial_bayou, serial_bayou_shore_a,
          serial_bayou_lagoon_a, serial_bayou_pond_e, serial_bayou_shore_b,
          minmay_shop_grid_forest, uniq_duvessa, uniq_edmund
D:6:      layout_cave_pods, minmay_temple_entry_arrows, serial_shops,
          nicolae_shop_industrial_runoff, shop, uniq_sigmund, uniq_menkaure
D:7:      layout_rooms, minmay_shop_enchanted_jewellery, bh_walls_and_bars
Temple:   hellmonk_temple_micro_hex

Skill      XL: |  1  2  3  4  5  6  7  8  9 |
---------------+----------------------------+-----
Fighting       | 1 2 3 4 5 7 |  7.9
Spellcasting   | 3 4 5 6 |  6.9
Ice Magic      | 5 6 7 8 |  8.3
Dodging        | |  1.7
Stealth        | |  1.7

Action                     |  1- 3 |  4- 6 |  7- 9 || total
---------------------------+-------+-------+-------++-------
  Melee: Dagger            |    51 |   137 |   242 ||   430
         Tailslap          |     8 |    11 |    42 ||    61
         Punch             |     2 |     1 |     3 ||     6
         Whip              |       |       |     7 ||     7
  Throw: Stone             |     4 |       |       ||     4
   Cast: Freeze            |    26 |    12 |    74 ||   112
         Frozen Ramparts   |     1 |     5 |    16 ||    22
         Ozocubu's Armour  |       |     4 |    17 ||    21
Ability: Breathe Steam     |       |       |     6 ||     6
  Evoke: Wand              |       |       |     1 ||     1
    Use: Scroll            |       |       |    12 ||    12
   Stab: Sleeping          |       |     5 |     1 ||     6
 Armour: Skin              |    35 |    76 |   182 ||   293
  Dodge: Dodged            |    45 |    90 |   157 ||   292

Table legend: (Time is in decaauts)
 A = Elapsed time spent in this place.
 B = Non-inter-level travel time spent in this place.
 C = Inter-level travel time spent in this place.
 D = Time resting spent in this place.
 E = Time spent auto-exploring this place.
 F = Levels seen in this place.
 G = Mean time per level.
                   A        B        C        D        E       F      G
               +--------+--------+--------+--------+--------+-----+--------+
         Total |   7065 |   6791 |    274 |   1382 |   2377 |   9 |  785.0 |
       Dungeon |   6787 |   6519 |    268 |   1263 |   2377 |   7 |  969.6 |
        Temple |     36 |     30 |      6 |     12 |      0 |   1 |   36.0 |
         Sewer |    240 |    240 |      0 |    107 |      0 |   1 |  240.0 |
               +--------+--------+--------+--------+--------+-----+--------+

Top non-repeatable levels by time:
     D:3: 1818 daAuts
     D:5: 1228 daAuts
     D:6: 1097 daAuts
     D:4: 1070 daAuts
     D:1: 986 daAuts
     D:2: 570 daAuts
   Sewer: 240 daAuts
  Temple: 36 daAuts
     D:7: 15 daAuts
